 Dungeon Crawl Stone Soup version 0.23-a0-419-g0174fd80c1 (webtiles) character file.

1524 LostNumber the Chopper (level 8, -2/64 HPs)
             Began as a Mummy Fighter on Nov 14, 2018.
             Was an Initiate of Ru.
             Slain by a killer bee (6 damage)
             ... on level 7 of the Dungeon.
             The game lasted 00:10:17 (5474 turns).

LostNumber the Chopper (Mummy Fighter)              Turns: 5474, Time: 00:10:18

Health: -2/64      AC: 15    Str: 21    XL:     8   Next: 54%
Magic:  8/8        EV:  4    Int:  8    God:    Ru [......]
Gold:   180        SH: 10    Dex: 11    Spells: 7/7 levels left

rFire    x . .     SeeInvis .   a - +0 war axe
rCold    + . .     Gourm    .   c - +0 shield
rNeg     + + +     Faith    .   u - +0 plate armour
rPois    ∞         Spirit   .   d - +2 helmet
rElec    .         Reflect  .   (no cloak)
rCorr    .         Harm     .   (no gloves)
MR       +....                  r - +0 pair of boots {Stlth+}
Stlth    ..........             (no amulet)
HPRegen  0.20/turn              (no ring)
MPRegen  0.11/turn              (no ring)

@: no status effects
A: no food or potions, fire vulnerability, cold resistance 1, negative energy
resistance 3, torment resistance, unbreathing
a: Renounce Religion


You were on level 7 of the Dungeon.
You worshipped Ru.
Ru was noncommittal.
You were not hungry.

You visited 1 branch of the dungeon, and saw 8 of its levels.

You collected 340 gold pieces.
You spent 160 gold pieces at shops.

Inventory:

Hand Weapons
 a - a +0 war axe (weapon)
Armour
 b - a +0 scale mail
 c - a +0 shield (worn)
 d - a +2 helmet (worn)
 i - a +2 hat
 r - a +0 pair of boots of stealth (worn)
 t - a +0 chain mail
 u - a +0 plate armour (worn)
Jewellery
 h - a +4 amulet of reflection {unknown}
 o - a cursed -2 ring of strength {unknown}
 p - an uncursed amulet of harm {unknown}
Scrolls
 e - 5 scrolls of teleportation
 f - a scroll of amnesia {unknown}
 g - 2 scrolls of magic mapping {unknown}
 j - 3 scrolls of enchant armour {unknown}
 k - 2 scrolls of fear {unknown}
 l - 3 scrolls of fog {unknown}
 m - a scroll of blinking {unknown}
 n - a scroll of immolation {unknown}
 q - 3 scrolls of identify {unknown}
 s - 2 scrolls of enchant weapon {unknown}


   Skills:
 + Level 6.1 Fighting
 * Level 6.5 Axes
 - Level 2.4 Armour
 + Level 5.1 Shields


You had 7 spell levels left.
You didn't know any spells.
Your spell library was empty.

Dungeon Overview and Level Annotations

Branches:
Dungeon (8/15)             Temple (0/1) D:7
   Lair: D:8-11

Altars:
Elyvilon
Nemelex Xobeh
Qazlal
Ru
Sif Muna
Xom
Yredelemnul
Zin

Shops:
D:4 *[?

Annotations:
D:4 1 runed door, exclusion: door


Innate Abilities, Weirdness & Mutations

You do not eat or drink.
Your flesh is vulnerable to fire.
You are immune to poison.
Your flesh is cold resistant. (rC+)
You are immune to negative energy. (rN+++)
You are immune to unholy pain and torment.
You can survive without breathing.


Message History

The killer bee stings you but does no damage. x3
Unknown command.
You closely miss the killer bee. You miss the killer bee.
The killer bee stings you but does no damage. x3
You block the killer bee's attack. x2
Unknown command.
You closely miss the killer bee. You miss the killer bee.
The killer bee stings you but does no damage.
You block the killer bee's attack.
The killer bee stings you but does no damage.
The killer bee stings you.
* * * LOW HITPOINT WARNING * * *
You block the killer bee's attack.
Okay, then.
You hit the killer bee but do no damage.
You barely miss the killer bee. You block the killer bee's attack.
The killer bee barely misses you. The killer bee stings you.
* * * LOW HITPOINT WARNING * * *
You block the killer bee's attack. The killer bee stings you.
You die...

..............#.....#...#....####
..............#.)...######...#
.......#####...<........######
.......#...#............#
......_#...#_...........#
.......#..A#......y.....#
#####..#####..####.....##
#...............y+.._..#
#...............@y.....#
#####..#.......$.#.....#
####...##+####+##### #.### ###


You could see an angel and 2 killer bees.

Vanquished Creatures
  Menkaure (D:7)
  2 orc warriors (D:7)
  A sky beast (D:5)
  3 ogres
  A centaur (D:6)
  A bullfrog (D:5)
  A water moccasin skeleton (D:5)
  A scorpion (D:5)
  A killer bee (D:7)
  2 howler monkeys
  2 crimson imps (D:5)
  2 jellies
  An orc priest (D:4)
  A bullfrog skeleton (D:5)
  Natasha (D:2)
  An iguana (D:7)
  An orc wizard (D:3)
  A worker ant (D:5)
  A hound zombie (D:5)
  A hound skeleton (D:5)
  Robin (D:4)
  8 adders
  An adder skeleton (D:4)
  2 worms (D:2)
  2 dart slugs
  A leopard gecko (D:3)
  14 orcs
  A ball python (D:5)
  2 giant cockroaches
  18 goblins
  9 hobgoblins
  9 jackals
  5 quokkas
  2 bats
  A frilled lizard (D:2)
  5 kobolds
  2 quokka zombies
  5 rats
114 creatures vanquished.

Notes
Turn   | Place    | Note
-------+----------+-------------------------------------------
     0 | D:1      | LostNumber the Mummy Fighter began the quest for the Orb.
     0 | D:1      | Reached XP level 1. HP: 18/18 MP: 1/1
   285 | D:1      | Reached XP level 2. HP: 24/24 MP: 2/2
   848 | D:2      | Reached XP level 3. HP: 9/29 MP: 3/3
  1211 | D:2      | Noticed Natasha
  1217 | D:2      | Killed Natasha
  1217 | D:2      | Reached XP level 4. HP: 35/35 MP: 4/4
  2273 | D:4      | Found Nikhlaxo's Antique Armour Shoppe.
  2289 | D:4      | Bought a pair of runed boots for 127 gold pieces
  2339 | D:4      | Found Ginetuebb's Magic Scroll Shop.
  2345 | D:4      | Bought a scroll of teleportation for 33 gold pieces
  2354 | D:4      | Noticed Robin
  2360 | D:4      | Reached XP level 5. HP: 32/42 MP: 5/5
  2665 | D:4      | Killed Robin
  2734 | D:4      | Found Ibunin's General Store.
  2773 | D:4      | Reached XP level 6. HP: 38/48 MP: 6/6
  2865 | D:4      | Found a white marble altar of Elyvilon.
  2949 | D:4      | Found a basalt altar of Yredelemnul.
  3142 | D:4      | Found a runed door.
  3160 | D:4      | Found a deep blue altar of Sif Muna.
  3242 | D:5      | Entered Level 5 of the Dungeon
  3359 | D:5      | Reached XP level 7. HP: 49/55 MP: 7/7
  3446 | D:5      | Found a sparkling altar of Nemelex Xobeh.
  3530 | D:5      | Reached skill level 5 in Fighting
  3530 | D:5      | Reached skill level 5 in Axes
  3563 | D:5      | Found a sacrificial altar of Ru.
  3576 | D:5      | Became a worshipper of Ru the Awakened
  3914 | D:5      | You fall through a shaft for 2 floors!
  3948 | D:7      | Noticed Menkaure
  3962 | D:7      | Killed Menkaure
  3962 | D:7      | Reached XP level 8. HP: 46/63 MP: 8/8
  4537 | D:7      | Found a staircase to the Ecumenical Temple.
  4994 | D:7      | Noticed an angel
  4995 | D:7      | Found a shimmering altar of Xom.
  4995 | D:7      | Found a glowing silver altar of Zin.
  5012 | D:7      | Found a stormy altar of Qazlal.
  5201 | D:7      | Reached skill level 5 in Shields
  5474 | D:7      | Slain by a killer bee

Vault maps used:
D:1:      minmay_arrival_four_circles
D:2:      uniq_natasha
D:4:      cheibrodos_pilgrimage, kennysheep_ying_yang, serial_shops,
          nicolae_shop_stone, nicolae_shop_trees, shop, led_sif_book,
          uniq_crazy_yiuf_cottage, uniq_robin
D:5:      nicolae_overflow_crystal_walls, basic_altar, first_ration
D:7:      grunt_temple_overflow_order_and_chaos_1,
          minmay_temple_entry_statues_fountains, basic_altar, grunt_ogre_cave,
          uniq_menkaure
D:8:      grunt_temple_overflow_open, kennysheep_mini, lair_entry_dummy,
          uniq_harold

Skill      XL: |  1  2  3  4  5  6  7  8 |
---------------+-------------------------+-----
Axes           | 2 3 4 5 6 |  6.5
Shields        | 3 4 5 |  5.1
Fighting       | 4 5 6 |  6.1
Armour         | |  2.4

Action                   |  1- 3 |  4- 6 |  7- 9 || total
-------------------------+-------+-------+-------++-------
Melee: War axe           |   106 |   217 |   159 ||   482
  Use: Scroll            |       |       |     2 ||     2
Armor: Scale mail        |    55 |   124 |    74 ||   253
       Plate armour      |       |       |    34 ||    34
       Chain mail        |       |       |     2 ||     2
Dodge: Dodged            |    21 |    78 |    54 ||   153
Block: Shield            |    51 |   138 |    98 ||   287

Table legend:
 A = Non-vault XP
 B = Vault XP
 C = Vault XP percentage of total XP
 D = Non-vault monster count
 E = Vault monster count
 F = Vault count percentage of total count
                 A         B        C        D         E       F
            +---------+---------+-------+---------+---------+-------
      Total |    1749 |     429 |  19.7 |      93 |      21 |  18.4
            +---------+---------+-------+---------+---------+-------
        D:1 |      17 |       0 |   0.0 |      10 |       0 |   0.0
        D:2 |      56 |      37 |  39.8 |      15 |       1 |   6.2
        D:3 |     135 |       6 |   4.3 |      32 |       3 |   8.6
        D:4 |      80 |      90 |  52.9 |       6 |      15 |  71.4
        D:5 |     948 |       0 |   0.0 |      21 |       0 |   0.0
        D:6 |     118 |       0 |   0.0 |       3 |       0 |   0.0
        D:7 |     395 |     296 |  42.8 |       6 |       2 |  25.0
            +---------+---------+-------+---------+---------+-------
